 Dungeon Crawl Stone Soup version 0.18-a0-1354-gbc5753f (webtiles) character file.

230 Ratboiler the Ducker (level 5, 0/33 HPs)
             Began as a Deep Elf Wanderer on Feb 19, 2016.
             Succumbed to a worker ant's poison
             ... on level 4 of the Dungeon.
             The game lasted 00:10:35 (4624 turns).

Ratboiler the Ducker (Deep Elf Wanderer)            Turns: 4624, Time: 00:10:35

Health: 0/33       AC:  6    Str:  3    XL:     5   Next: 72%
Magic:  7/7        EV:  9    Int: 21    God:
Gold:   149        SH:  0    Dex: 15    Spells: 0 memorised, 4 levels left

rFire  . . .     SeeInvis .     a - +3 quarterstaff
rCold  . . .     Gourm    .     q - +0 ring mail
rNeg   . . .     Faith    .     (shield currently unavailable)
rPois  .         Spirit   .     (no helmet)
rElec  .         Dismiss  .     (no cloak)
rCorr  .         Reflect  .     r - +0 pair of gloves
SustAt .         Harm     .     (no boots)
MR     .....                    (no amulet)
Stlth  +++.......               (no ring)
                                l - ring of stealth

@: lethally poisoned (0 -> -4), not resistant to hostile enchantments, fairly
stealthy
A: blurry vision 1, weak 1
a: no special abilities


You were on level 4 of the Dungeon.
You were hungry.

You visited 1 branch of the dungeon, and saw 4 of its levels.

You collected 149 gold pieces.

Inventory:

Hand Weapons
 a - a +3 quarterstaff (weapon)
 d - a +0 dagger
Missiles
 h - 65 stones (quivered)
Armour
 c - a +0 robe
 e - a +0 scale mail
 q - a +0 ring mail (worn)
 r - a +0 pair of gloves (worn)
Jewellery
 i - an uncursed ring of teleportation
 l - a ring of stealth (left hand)
Scrolls
 g - a scroll of immolation
 j - 2 scrolls of enchant weapon
 k - a scroll of identify
 m - a scroll of amnesia
 o - a scroll of magic mapping {unknown}
 p - a scroll of blinking
Potions
 b - a potion of lignification


   Skills:
 + Level 4.3 Fighting
 - Level 1.0 Staves
 + Level 4.6 Dodging
 - Level 3.6 Stealth
   Level 1.5 Shields


You had 4 spell levels left.
You didn't know any spells.

Dungeon Overview and Level Annotations

Branches:
Dungeon (4/15)
 Temple: D:4-7

Altars:

Shops:
D:4 (

Annotations:
D:3 HEYYEYAAE's ghost, amateur HuEE


Innate Abilities, Weirdness & Mutations

Scrolls take you a little longer to read.
You are weak. (Str -2)


Message History

The worker ant bites you but does no damage.
The worker ant bites you.
* * * LOW HITPOINT WARNING * * *
Unknown command.
Drink which item? (? for menu, Esc to quit)
It was a potion of mutation.
You feel extremely strange.
You feel weaker.
Your vision blurs.
* * * LOW HITPOINT WARNING * * *
You feel sick. The worker ant bites you.
* * * LOW HITPOINT WARNING * * *
You hit the worker ant.
You kill the worker ant!
* * * LOW HITPOINT WARNING * * *
You feel sick.
Unknown command.
* * * LOW HITPOINT WARNING * * *
You feel sick.
Found a sapphire potion.
You die...

......#.......#....#.............
......#.###.###....#..###..######
#....##'###.#....###..###..###.##
#....#...[..#....#..........#....
#....#......#....#..........#....
#....'......'....#..........#....
#....#......#....#..........#....
+....#......#...(#....(.....#....
#....#+######...@##..########..##
###...............#..####..##..##
#.............<.#..#..........#
#...............#..#..........#
###.............$.##'##....######
...###+#####....###..###'###.....
...# #!...#..........#..... ...#.
+....#..........#<.... .....#
##+####.##'#.....


There were no monsters in sight!

Vanquished Creatures
  An orc priest (D:4)
  A hound (D:4)
  An iguana (D:4)
  A worker ant (D:4)
  A gnoll (D:2)
  4 adders
  An ooze (D:3)
  2 worms
  2 giant geckos
  4 orcs (D:4)
  6 bats
  A giant cockroach (D:2)
  9 goblins
  6 hobgoblins
  2 jackals (D:3)
  8 kobolds
  A quokka (D:3)
  A ball python (D:2)
  6 giant newts
  7 rats
65 creatures vanquished.

Notes
Turn   | Place    | Note
--------------------------------------------------------------
     0 | D:1      | Ratboiler the Deep Elf Wanderer began the quest for the Orb.
     0 | D:1      | Ratboiler set off with: a +2 quarterstaff, 2 potions of lignification, a +0 robe, a +0 dagger, a bread ration
     0 | D:1      | Reached XP level 1. HP: 13/13 MP: 3/3
   395 | D:1      | Reached XP level 2. HP: 13/18 MP: 4/4
  1177 | D:2      | Reached XP level 3. HP: 23/23 MP: 5/5
  1857 | D:2      | Reached XP level 4. HP: 6/28 MP: 6/6
  1862 | D:2      | HP: 2/42 [poisoned by an adder]
  2288 | D:2      | Found a faded altar to an unknown god.
  3509 | D:3      | Noticed HEYYEYAAE's ghost (amateur HuEE)
  3685 | D:4      | Noticed a phantom
  4229 | D:4      | Found Naelyup's Antique Weapon Boutique.
  4384 | D:4      | Reached skill level 4 in Dodging
  4384 | D:4      | Reached XP level 5. HP: 33/33 MP: 7/7
  4619 | D:4      | Gained mutation: You are weak. (Str -2) [potion of mutation]
  4619 | D:4      | Gained mutation: Scrolls take you a little longer to read. [potion of mutation]
  4622 | D:4      | HP: 1/33 [poisoned by a worker ant]
  4624 | D:4      | Succumbed to a worker ant's poison

Vault maps used:
D:1:      saegor_arrival_simple_c
D:2:      ecumenical_altar_1
D:3:      gup_sewer_entry_bubbles, first_bread
D:4:      serial_shops, shop, st_stairs_7, uniq_robin

Action                   |  1- 3 |  4- 6 || total
-------------------------+-------+-------++-------
Melee: Quarterstaff      |    99 |    84 ||   183
Throw: Stone             |     2 |    10 ||    12
  Use: Scroll            |     2 |     4 ||     6
       Potion            |     1 |     4 ||     5
 Stab: Sleeping          |     1 |     5 ||     6
  Eat: Chunk             |     1 |     3 ||     4
       Beef jerky        |     1 |       ||     1
       Fruit             |       |     2 ||     2
       Bread ration      |       |     1 ||     1
